 Dungeon Crawl Stone Soup version 0.19.3-1-g3169bf9 (webtiles) character file.

99 Macro the Shield-Bearer (level 5, -1/36 HPs)
             Began as a Halfling Fighter on Jan 25, 2017.
             Was a Follower of Fedhas.
             Shot with an arrow by a centaur (8 damage)
             ... on level 5 of the Dungeon.
             The game lasted 00:05:19 (754 turns).

Macro the Shield-Bearer (Halfling Fighter)           Turns: 754, Time: 00:05:20

Health: -1/36      AC:  7    Str: 16 (17) XL:     5   Next: 2%
Magic:  5/5        EV:  4    Int:  6      God:    Fedhas [*.....]
Gold:   39         SH:  9    Dex: 14 (15) Spells: 0 memorised, 4 levels left

rFire  + . .     SeeInvis .     l - +2 hand axe (chop)
rCold  + . .     Gourm    .     j - +0 plate armour
rNeg   . . .     Faith    .     c - +0 shield
rPois  +         Spirit   .     (no helmet)
rElec  +         Reflect  .     (no cloak)
rCorr  +         Harm     .     (no gloves)
MR     .....                    e - +0 pair of boots
Stlth  ..........               (no amulet)
                                (no ring)
                                (no ring)

@: resistant
A: deformed body, mutation resistance 1
a: Fungal Bloom, Evolution, Renounce Religion


You were on level 5 of the Dungeon.
You worshipped Fedhas.
Fedhas was aware of your devotion.
You were not hungry.

You visited 1 branch of the dungeon, and saw 4 of its levels.

You collected 39 gold pieces.

Inventory:

Hand Weapons
 a - a +0 rapier
 l - a +2 hand axe of chopping (weapon)
Armour
 c - a +0 shield (worn)
 e - a +0 pair of boots (worn)
 h - a +0 leather armour
 j - a +0 plate armour (worn)
Scrolls
 b - a scroll of enchant weapon {unknown}
 k - 2 scrolls of identify {unknown}
 m - a scroll of immolation {unknown}
Potions
 d - a potion of might
 o - a potion of degeneration
 p - a potion of heal wounds {unknown}
Comestibles
 f - 3 bread rations
 g - 3 fruits


   Skills:
 + Level 3.3 Fighting
 * Level 3.7 Short Blades
 * Level 1.0 Axes
 + Level 3.6 Armour
 + Level 4.1 Shields


You had 4 spell levels left.
You didn't know any spells.

Dungeon Overview and Level Annotations

Branches:
Dungeon (5/15)
 Temple: D:4-7

Altars:
Fedhas


Innate Abilities, Weirdness & Mutations

You are small and have problems with some larger weapons.
You are somewhat resistant to further mutation.
Armour fits poorly on your strangely shaped body.


Message History

It was a potion of resistance.
You feel protected. Something hits you but does no damage.
Your plate armour prevents you from hitting something.
Something hits you but does no damage.
The orc wizard gestures wildly while chanting.
The orc wizard seems to speed up.
You hear some strange, mumbled words.
A puff of flame appears from out of thin air!
You block the puff of flame. Something hits you.
* * * LOW HITPOINT WARNING * * *
You slide downwards.
The hatch slams shut behind you.
Fedhas's fungi set to work.
Fedhas appreciates ongoing decay. x2
A centaur comes into view.
The centaur shouts!
Found 16 bolts.
Found a stone staircase leading down.
The centaur wields a shortbow.
The centaur shoots an arrow.
The arrow hits you!
You die...
Fedhas appreciates your contribution to the ecosystem.

.# . ######.##
.. ##........
.. ##....>#.#
#.##........#
..........#
#.......#
#.@...#
..........c##
#######........
##.###.## #(# #
#.# #.# #.#


You could see a centaur.

Vanquished Creatures
  An orc wizard (D:4)
  Natasha (D:4)
  A bullfrog skeleton (D:4)
  An ooze (D:1)
  A leopard gecko (D:1)
  A goblin (D:1)
  3 jackals (D:1)
  2 kobolds (D:1)
  3 frilled lizards (D:1)
  2 rats (D:1)
16 creatures vanquished.

Vanquished Creatures (others)
  Grinder (D:4)
1 creature vanquished.

Grand Total: 17 creatures vanquished

Notes
Turn   | Place    | Note
-------+----------+-------------------------------------------
     0 | D:1      | Macro the Halfling Fighter began the quest for the Orb.
     0 | D:1      | Reached XP level 1. HP: 15/15 MP: 1/1
    82 | D:1      | Reached XP level 2. HP: 14/20 MP: 2/2
   650 | D:2      | Found a faded altar of an unknown god.
   668 | D:2      | Became a worshipper of Fedhas Madash
   668 | D:2      | Reached * piety under Fedhas
   687 | D:2      | You fall through a shaft for 2 floors!
   694 | D:4      | Noticed Natasha
   700 | D:4      | Noticed a crimson imp
   711 | D:4      | Gained mutation: Armour fits poorly on your strangely shaped body. [potion of mutation]
   716 | D:4      | Noticed a crimson imp
   721 | D:4      | Reached XP level 3. HP: 21/26 MP: 3/3
   728 | D:4      | Killed Natasha
   728 | D:4      | Reached skill level 4 in Shields
   728 | D:4      | Reached XP level 4. HP: 21/31 MP: 4/4
   741 | D:4      | Reached skill level 1 in Axes
   741 | D:4      | Reached XP level 5. HP: 13/36 MP: 5/5
   743 | D:4      | Killed Grinder
   753 | D:5      | Entered Level 5 of the Dungeon
   753 | D:5      | Noticed a centaur
   754 | D:5      | Shot with an arrow by a centaur

Skill      XL: |  1  2  3  4 |
---------------+-------------+-----
Fighting       | 3 |  3.3
Short Blades   | 3 |  3.7
Shields        | 4 |  4.1
Axes           | 1 |  1.0
Armour         | |  3.6

Action                   |  1- 3 |  4- 6 || total
-------------------------+-------+-------++-------
Melee: Rapier            |    27 |       ||    27
       Hand axe          |    21 |    22 ||    43
  Use: Potion            |     3 |     1 ||     4
Armor: Scale mail        |     5 |       ||     5
       Plate armour      |    20 |    11 ||    31
Dodge: Dodged            |    15 |     3 ||    18
Block: Shield            |    26 |     7 ||    33
